 Dungeon Crawl Stone Soup version 0.28.0-53-g5a82cb258f (webtiles) character file.

Game seed: 3885130443205675800

2121 4FPSwarrior the Conjurer (level 8, -7/69 HPs)
             Began as a Demigod Conjurer on July 17, 2022.
             Mangled by Harold
             ... wielding a +4 morningstar of holy wrath
              (27 damage)
             ... on level 7 of the Dungeon.
             The game lasted 00:27:10 (10164 turns).

4FPSwarrior the Conjurer (Demigod Conjurer)        Turns: 10164, Time: 00:27:10

Health: -7/69      AC:  6    Str:  8    XL:     8   Next: 81%
Magic:  5/18       EV: 16    Int: 20    God:
Gold:   148        SH:  5    Dex: 20    Spells: 10/16 levels left

rFire   . . .      SeeInvis .   J - +0 whip (elec)
rCold   . . .      Faith    .   (no shield)
rNeg    . . .      Spirit   .   K - +2 robe {Will+}
rPois   +          Reflect  +   (no helmet)
rElec   .          Harm     .   (no cloak)
rCorr   .          Rampage  .   h - +1 pair of gloves
Will    +....                   (no boots)
Stlth   ++........              j - amulet of reflection
HPRegen 0.21/turn               l - +4 ring of evasion
MPRegen 0.16/turn               c - ring of poison resistance

@: brilliant, studying Unarmed Combat
A: high MP 1, forlorn, divine attributes
a: no special abilities


You were on level 7 of the Dungeon.
You visited 1 branch of the dungeon, and saw 7 of its levels.
You also visited: Ossuary.

You collected 264 gold pieces.
You spent 116 gold pieces at shops.

Inventory:

Hand Weapons
 b - a +0 short sword
 q - a +1 whip of pain
 J - a +0 whip of electrocution (weapon)
Armour
 a - a +0 robe
 d - a +0 ring mail
 h - a +1 pair of gloves (worn)
 K - a +2 robe of willpower (worn)
Jewellery
 c - a ring of poison resistance (right hand)
 j - an amulet of reflection (around neck)
 l - a +4 ring of evasion (left hand)
 s - a ring of flight
 I - a +4 ring of slaying
Wands
 r - a wand of digging (5)
 B - a wand of iceblast (10)
Scrolls
 e - a scroll of blinking {unknown}
 k - 2 scrolls of teleportation
 m - 2 scrolls of vulnerability {unknown}
 n - a scroll of enchant armour
 p - a scroll of magic mapping {unknown}
 t - 2 scrolls of noise
 u - 2 scrolls of fog
 v - a scroll of fear
 y - 2 scrolls of enchant weapon
 D - 3 scrolls of identify
 G - a scroll of brand weapon {unknown}
 H - 2 scrolls of immolation {unknown}
Potions
 f - 3 potions of brilliance
 g - 2 potions of haste
 i - a potion of ambrosia
 o - 2 potions of mutation {unknown}
 w - a potion of magic {unknown}
 x - 2 potions of lignification {unknown}
 z - 6 potions of curing
 A - 2 potions of heal wounds
 C - a potion of flight {unknown}
 E - a potion of cancellation {unknown}
 F - 3 potions of degeneration


   Skills:
 * Level 5.5 Fighting
 + Level 3.9 Maces & Flails
 - Level 1.7 Dodging
 - Level 1.7 Stealth
 + Level 4.7 Spellcasting
 * Level 7.8 Conjurations


You had 10 spell levels left.
You knew the following spells:

 Your Spells              Type           Power      Damage    Failure   Level
a - Magic Dart            Conj           100%       1d8       1%          1
b - Dazzling Flash        Conj/Hex       60%        N/A       7%          3
c - Searing Ray           Conj           100%       2d8       1%          2

Your spell library contained the following spells:

 Spells                   Type           Power      Damage    Failure   Level
 Mephitic Cloud           Conj/Pois/Air  22%        N/A       12%         3
 Fulminant Prism          Conj/Hex       15%        3d11      24%         4
 Iskenderun's Mystic Bla  Conj/Tloc      30%        2d8       24%         4
 Ignite Poison            Fire/Tmut/Pois 7%         N/A       34%         3
 Freezing Cloud           Conj/Ice/Air   11%        6-21      75%         5


Dungeon Overview and Level Annotations

Branches:
Dungeon (7/15)             Temple (0/1) D:6         Ossuary (visited)

Shops:
D:3 ([=?   D:4 ?   D:6 =

Annotations:
D:3 3 runed translucent doors, Crazy Yiuf
D:6 Grinder
D:7 Dowan, Duvessa, Harold


Innate Abilities, Weirdness & Mutations

You have an increased reservoir of magic. (+10% MP)
You shall have no god before yourself.
Your divine heritage dramatically boosts your attributes as you level up.


Message History

Casting: Searing Ray (safe; 1% risk of failure)
Confirm with . or Enter, or press ? or * to list all spells.
Aiming: Searing Ray (safe; 1% risk of failure)
Press: ? - help, Shift-Dir - straight line, f/p - Harold
Aim: Harold, wielding a +4 morningstar of holy wrath, wearing a +0 scale mail and quivering 4 throwing nets (heavily wounded, 90% to hit)
You feel a surge of power!
The searing ray hits Harold.
Harold is severely wounded. (Press . to maintain the ray.)
The orc shouts!
You hear a shout!
An orc priest comes into view. It is wielding a +0 club.
Harold hits you with a +4 morningstar of holy wrath!
The searing ray hits Harold.
Harold is severely wounded.
The orc priest shouts!
You hear a shout!
An orc comes into view. It is wielding a +0 club.
Harold barely misses you.
Unknown command.
The searing ray hits Harold.
Harold is severely wounded.
Harold barely misses you.
Unknown command.
The searing ray hits Harold!
Harold is severely wounded.
You finish channelling your searing ray.
An orc comes into view. It is wielding a +0 hand axe.
Harold misses you.
Casting: Searing Ray (safe; 1% risk of failure)
Confirm with . or Enter, or press ? or * to list all spells.
Aiming: Searing Ray (safe; 1% risk of failure)
Press: ? - help, Shift-Dir - straight line, f/p - Harold
Aim: Harold, wielding a +4 morningstar of holy wrath, wearing a +0 scale mail and quivering 4 throwing nets (severely wounded, 90% to hit)
You feel a surge of power!
The searing ray misses Harold. (Press . to maintain the ray.) Harold hits you with a +4 morningstar of holy wrath!
* * * LOW HITPOINT WARNING * * *
The searing ray hits Harold!
Harold is almost dead.
The orc priest looks encouraged for a moment.
Harold hits you with a +4 morningstar of holy wrath!!
You die...

...............
....>...................
...............#........
............o...........
...........o< ..........
........................
..........#.............
#..@.o#..............
#..@................
#.##........#........
...........#.#......
...#................
#.................#.
#.....#.....#......#
##....#.......##....
#.##.#......###.... #
#.......###..##


You could see Harold, an orc priest and 2 orcs.

Vanquished Creatures
  Pikel (D:5)
  2 water moccasins
  An orc warrior (D:6)
  An ice beast (D:5)
  3 ogres
  A phantom (D:4)
  2 lemures (D:5)
  A centaur (D:5)
  A bullfrog (D:7)
  A scorpion (D:6)
  2 water moccasin zombies (D:5)
  4 hounds
  A centaur skeleton (D:6)
  A jelly (D:5)
  Jessica (D:2)
  Ijyb (D:3)
  Terence (D:3)
  Natasha (thrice) (D:2)
  An iguana (D:5)
  A howler monkey zombie (D:6)
  2 mummies
  3 gnolls (D:4)
  6 adders
  A shadow imp (D:6)
  An ufetubus (D:4)
  An adder skeleton (D:4)
  5 worms (D:2)
  3 dart slugs
  6 orcs
  10 ball pythons
  5 bats
  10 endoplasms
  4 giant cockroaches
  12 gnoll zombies (Ossuary)
  11 goblins
  3 hobgoblins
  9 jackals
  8 kobolds
  3 quokkas
  4 bat simulacra (Ossuary)
  5 frilled lizards
  2 goblin simulacra (Ossuary)
  5 goblin zombies (Ossuary)
  A hobgoblin zombie (Ossuary)
  2 kobold simulacra (Ossuary)
  9 kobold zombies (Ossuary)
  3 orc zombies (Ossuary)
  6 rats
  5 rat simulacra (Ossuary)
175 creatures vanquished.

Vanquished Creatures (others)
  49 plants (D:2)
49 creatures vanquished.

Grand Total: 224 creatures vanquished

Notes
Turn   | Place    | Note
-------+----------+-------------------------------------------
     0 | D:1      | 4FPSwarrior the Demigod Conjurer began the quest for the
                  | Orb.
     0 | D:1      | Reached XP level 1. HP: 14/14 MP: 5/5
   479 | D:1      | Reached XP level 2. HP: 12/22 MP: 2/7
   837 | D:1      | Reached skill level 4 in Conjurations
  1137 | D:1      | Reached skill level 1 in Fighting
  1985 | D:2      | Reached XP level 3. HP: 28/28 MP: 3/8
  2079 | D:2      | Noticed Natasha
  2086 | D:2      | Killed Natasha
  2196 | D:2      | Learned a level 3 spell: Dazzling Flash
  2199 | D:2      | Learned a level 2 spell: Searing Ray
  2390 | D:2      | Noticed Jessica
  2394 | D:2      | Killed Jessica
  2395 | D:2      | Reached XP level 4. HP: 35/35 MP: 5/10
  2807 | D:2      | Noticed Natasha
  2816 | D:2      | Killed Natasha
  2932 | D:2      | Noticed Natasha
  2946 | D:2      | Killed Natasha
  3081 | D:2      | Reached XP level 5. HP: 41/41 MP: 6/12
  3176 | D:2      | Reached skill level 5 in Conjurations
  3817 | D:3      | Noticed Ijyb
  3828 | D:3      | Killed Ijyb
  3901 | D:3      | Found Vojacw's Magic Scroll Shoppe.
  3912 | D:3      | Bought a scroll of fog for 24 gold pieces
  3912 | D:3      | Bought a scroll of identify for 24 gold pieces
  3912 | D:3      | Bought a scroll of fear for 42 gold pieces
  4019 | D:3      | Noticed Terence
  4027 | D:3      | Killed Terence
  4227 | D:3      | Found Pahosam's Armour Shop.
  4311 | D:3      | Found Bagiunkamm's Jewellery Boutique.
  4391 | D:3      | Found Jorchauno's Antique Weapon Emporium.
  4435 | D:3      | Found a runed translucent door.
  4436 | D:3      | Noticed Crazy Yiuf
  4491 | D:3      | Found a large runed translucent door.
  4492 | D:3      | Found a large runed translucent door.
  4890 | D:3      | You fall into a shaft and drop 3 floors!
  4890 | D:6      | Noticed a water moccasin
  4899 | D:6      | Killed a water moccasin
  4900 | D:6      | Reached skill level 1 in Maces & Flails
  4900 | D:6      | Reached XP level 6. HP: 50/50 MP: 2/13
  5041 | D:6      | Noticed Grinder
  5200 | D:6      | Reached skill level 6 in Conjurations
  5200 | D:6      | Reached XP level 7. HP: 35/57 MP: 4/15
  5330 | D:6      | Found Fialuy's Jewellery Emporium.
  5338 | D:6      | Noticed a two-headed ogre
  5341 | D:5      | Entered Level 5 of the Dungeon
  5561 | D:4      | Found Zeolo's Magic Scroll Boutique.
  5798 | D:4      | Found a sand-covered staircase.
  5857 | Ossuary  | Entered an ossuary
  7440 | D:4      | Bought a scroll of identify for 26 gold pieces
  8269 | D:5      | Reached XP level 8. HP: 66/66 MP: 11/17
  8347 | D:5      | Reached skill level 7 in Conjurations
  8984 | D:6      | Noticed Pikel
  9080 | D:5      | Killed Pikel
  9081 | D:5      | Reached skill level 5 in Fighting
  9592 | D:6      | Found a staircase to the Ecumenical Temple.
  9592 | D:6      | Noticed a two-headed ogre
  9710 | D:7      | Noticed Duvessa
  9710 | D:7      | Noticed Dowan
 10148 | D:7      | Noticed Harold
 10164 | D:7      | Mangled by Harold

Illustrated notes

Levels and vault maps discovered:
D:1:      dpeg_arrival_fog, layout_basic, serial_forest,
          infiniplex_forest_straight_3, infiniplex_forest_join,
          infiniplex_forest_diagonal, infiniplex_forest_straight_4,
          infiniplex_forest_lined_4_way, lemuel_old_faithful
D:2:      kennysheep_the_goblin_king, layout_basic, serial_forest,
          infiniplex_forest_end_1, infiniplex_forest_straight_4,
          infiniplex_forest_clump_long, infiniplex_forest_clump_small,
          infiniplex_forest_lined_3, infiniplex_forest_clump_tiny,
          infiniplex_forest_straight_2, infiniplex_forest_end_double,
          infiniplex_forest_corner_2, infiniplex_forest_pool,
          serial_bayou_lagoon_a, nicolae_wormholes, uniq_jessica, uniq_natasha
D:3:      layout_basic, jmf_multi_god_temple2,
          shapermc_ecumenical_altar_pompeii, serial_shops, shop, shop,
          shop_scrolls, nicolae_shop_hallway_stairs,
          hangedman_decor_diamond_cutter, uniq_terence, uniq_crazy_yiuf_cottage,
          uniq_ijyb
D:4:      layout_loops_ring, amcnicky_altar_gilded, gup_ossuary_entry_pyramid,
          serial_shops, nicolae_shop_advertising_works
          [nicolae_subvault_shop_adworks], grunt_ministairs_5
D:5:      layout_cave_pools, chequers_temple_overflow_statue_of_worship
D:6:      layout_basic, minmay_temple_entry_glassed_door, serial_shops,
          kennysheep_little_box, nicolae_stop_n_shop_1, uniq_pikel, uniq_grinder
D:7:      layout_layer_cave, hangedman_decor_lopped, minmay_misc_feat_enclosed,
          chequers_decorated_corner, uniq_harold, uniq_duvessa

Skill      XL: |  1  2  3  4  5  6  7  8 |
---------------+-------------------------+-----
Spellcasting   | 2 3 4 |  4.7
Conjurations   | 4 5 6 7 |  7.8
Fighting       | 1 2 3 4 5 |  5.5
Maces & Flails | 1 2 3 |  3.9
Dodging        | |  1.7
Stealth        | |  1.7

Action                   |  1- 3 |  4- 6 |  7- 9 || total
-------------------------+-------+-------+-------++-------
Melee: Short sword       |     7 |       |       ||     7
       Whip              |       |     1 |     4 ||     5
 Cast: Magic Dart        |    89 |   128 |   198 ||   415
       Searing Ray       |       |    11 |    31 ||    42
  Use: Scroll            |       |     2 |     7 ||     9
       Potion            |       |       |     1 ||     1
Armor: Robe              |     4 |       |     2 ||     6
       Ring mail         |     3 |     5 |    29 ||    37
Dodge: Dodged            |    11 |    12 |    66 ||    89
Block: Other             |       |     7 |    35 ||    42
       Reflection        |       |       |     1 ||     1
